 Dungeon Crawl Stone Soup version 0.28.0 (webtiles) character file.

Game seed: 10353958770430570958

4820 Majang the Cleaver (level 10, -18/77 HPs)
             Began as a Demonspawn Gladiator on Feb 13, 2022.
             Was a High Priest of Okawaru.
             Killed from afar by an acid dragon (23 damage)
             ... with a splash of acid
             ... on level 8 of the Dungeon.
             The game lasted 00:25:41 (9938 turns).

Majang the Cleaver (Demonspawn Gladiator)           Turns: 9938, Time: 00:25:42

Health: -18/77     AC: 12    Str: 19    XL:     10   Next: 24%
Magic:  14/15      EV: 19    Int:  9    God:    Okawaru [*****.]
Gold:   47         SH:  0    Dex: 15    Spells: 9/9 levels left

rFire   . . .      SeeInvis .   a - +0 battleaxe
rCold   . . .      Faith    .   (shield currently unavailable)
rNeg    . . .      Spirit   .   E - +0 scale mail {Will+}
rPois   .          Reflect  .   r - +1 helmet
rElec   .          Harm     .   i - +0 cloak
rCorr   .          Rampage  .   (no gloves)
Will    ++...                   (no boots)
Stlth   ++........              (no amulet)
HPRegen 0.22/turn               p - ring of willpower
MPRegen 0.14/turn               F - +4 ring of evasion

@: heroic
A: hooves 2, spiny 1, weakness stinger 2, demonic touch 2
a: Renounce Religion, Heroism, Finesse, Duel


You were on level 8 of the Dungeon.
You worshipped Okawaru.
Okawaru was extremely pleased with you.
You visited 1 branch of the dungeon, and saw 8 of its levels.

You collected 551 gold pieces.
You spent 504 gold pieces at shops.

Inventory:

Hand Weapons
 a - a +0 battleaxe (weapon)
 k - a +2 whip of electrocution
 x - a +2 quarterstaff of chaos
 H - a +5 flail
Missiles
 d - 3 throwing nets
 g - 119 bolts
Armour
 f - a +1 scale mail
 i - a +0 cloak (worn)
 r - a +1 helmet (worn)
 v - a +0 scale mail of cold resistance
 B - a +0 chain mail
 E - a +0 scale mail of willpower (worn)
Jewellery
 p - a ring of willpower (left hand)
 q - a ring of wizardry
 t - a ring of flight
 w - a ring of fire
 F - a +4 ring of evasion (right hand)
Wands
 u - a wand of mindburst (4)
 z - a wand of flame (28)
Scrolls
 h - a scroll of magic mapping
 o - 3 scrolls of teleportation
 s - 7 scrolls of identify {unknown}
 y - 2 scrolls of blinking
 C - a scroll of enchant weapon {unknown}
 D - a scroll of fog {unknown}
 G - a scroll of amnesia {unknown}
Potions
 b - 3 potions of heal wounds {unknown}
 c - a potion of degeneration {unknown}
 e - 3 potions of haste {unknown}
 j - 2 potions of brilliance {unknown}
 l - a potion of mutation {unknown}
 m - 2 potions of flight {unknown}
 n - 4 potions of curing
 A - a potion of lignification {unknown}


   Skills:
 + Level 6.6(11.6) Fighting
 * Level 8.7(13.7) Axes
 - Level 1.7(6.7) Throwing
 + Level 4.6(9.6) Armour
 + Level 5.5(10.5) Dodging
 + Level 6.9 Invocations
 + Level 4.5 Evocations


You had 9 spell levels left.
You didn't know any spells.
Your spell library contained the following spells:

 Spells                   Type           Power      Damage    Failure   Level
 Static Discharge         Conj/Air       0%         N/A       83%         2
 Sublimation of Blood     Necr           0%         N/A       83%         2
 Wereblood                Tmut           0%         N/A       83%         2
 Gell's Gravitas          Tloc           0%         N/A       97%         3
 Anguish                  Hex/Necr       0%         N/A       100%        4
 Dispel Undead            Necr           0%         3d6       100%        4
 Passage of Golubria      Tloc           0%         N/A       100%        4
 Sticky Flame             Conj/Fire      0%         2d3       100%        4
 Manifold Assault         Tloc           0%         N/A       100%        5
 Enfeeble                 Hex            0%         N/A       100%        7
 Tukima's Dance           Hex            Unusable   N/A       N/A         3
 Summon Hydra             Summ           Unusable   N/A       N/A         7

Dungeon Overview and Level Annotations

Branches:
Dungeon (8/15)             Temple (0/1) D:5
   Lair: D:8-11

Altars:
Elyvilon
Fedhas
Hepliaklqana
Kikubaaqudgha
Makhleb
Okawaru
Sif Muna
Uskayaw
Vehumet
Wu Jian
Yredelemnul
Zin

Shops:
D:7 (   D:8 *

Annotations:
D:5 2 transporters, Mandevil's ghost, weakling DgDe


Innate Abilities, Weirdness & Mutations

You have hoof-like feet.
You are partially covered in sharp spines.
You have a tail ending in a sharp stinger.
Your touch may inflict irresistible damage on your foes.


Message History

You hit the white imp. You hit the orc priest.
The orc priest looks satisfied for a moment.
The orc priest begins to cast a cantrip, but forgets the words!
The white imp barely misses you. The orc warrior completely misses you.
You slash the orc warrior!
You kill the orc warrior!
Okawaru accepts your kill.
You hit the white imp.
You kill the white imp!
Okawaru accepts your kill.
You barely miss the orc priest.
The orc priest is struck by your spines.
You kill the orc priest!
Okawaru accepts your kill.
A komodo dragon comes into view.
The orc priest casts a cantrip, but nothing happens.
Items here: )) [[ ††.
The komodo dragon hisses angrily.
You hear a roar!
You barely miss the orc priest.
The orc priest is struck by your spines.
The orc priest closely misses you.
You hit the orc priest.
The orc priest is severely wounded.
The orc priest closely misses you.
You slash the orc priest!
You kill the orc priest!
Okawaru accepts your kill.
You barely miss the komodo dragon. The komodo dragon bites you!!
* * * LOW HITPOINT WARNING * * *
Unknown command.
You barely miss the komodo dragon. Your kick misses the komodo dragon.
The komodo dragon completely misses you.
You hit the komodo dragon. You kick the komodo dragon.
The komodo dragon is lightly wounded.
The komodo dragon is struck by your spines.
The komodo dragon bites you!!
* * * LOW HITPOINT WARNING * * *
The acid dragon spits acid at you. The splash of acid hits you!!
You die...

##### ### ####.#
#...####### #
.###...##.############..
.# ####..###.##.#.......
## ##....###).lD.....
##).....)@)#
#.#####)##.# ### ### #


You could see a komodo dragon and an acid dragon (catching breath).

Vanquished Creatures
  A manticore (D:8)
  A troll (D:7)
  5 slime creatures
  2 wyverns (D:8)
  A water moccasin (D:7)
  4 sky beasts
  2 orc warriors (D:8)
  A necrophage (D:6)
  A centaur (D:6)
  A phantom (D:5)
  A kobold brigand (D:6)
  2 bullfrogs
  A gnoll sergeant (D:8)
  3 scorpions
  A wyvern zombie (D:8)
  A wyvern skeleton (D:6)
  A water moccasin zombie (D:6)
  A water moccasin skeleton (D:4)
  7 wights
  2 howler monkeys
  5 electric eels (D:7)
  A centaur zombie (D:6)
  5 orc priests
  2 hounds
  Crazy Yiuf (D:6)
  2 jellies
  2 iguanas
  2 centaur skeletons (D:4)
  Natasha (thrice) (D:3)
  4 orc wizards
  A mummy (D:8)
  A hound skeleton (D:4)
  Robin (D:3)
  6 gnolls
  5 adders
  A howler monkey skeleton (D:6)
  4 white imps
  A worm (D:3)
  2 dart slugs
  20 orcs
  7 endoplasms
  5 giant cockroaches
  8 goblins
  7 hobgoblins
  4 jackals (D:4)
  7 kobolds
  6 quokkas
  10 ball pythons
  8 bats
  2 frilled lizards
  A kobold zombie (D:8)
  3 orc zombies (D:8)
  6 rats
182 creatures vanquished.

Vanquished Creatures (others)
  6 plants (D:7)
6 creatures vanquished.

Grand Total: 188 creatures vanquished

Notes
Turn   | Place    | Note
-------+----------+-------------------------------------------
     0 | D:1      | Majang the Demonspawn Gladiator began the quest for the
                  | Orb.
     0 | D:1      | Reached XP level 1. HP: 16/16 MP: 1/1
    69 | D:1      | Found a faded altar of an unknown god.
   124 | D:1      | Prayed at the altar of an unknown god.
   124 | D:1      | Became a worshipper of Warmaster Okawaru
   124 | D:1      | Reached * piety under Okawaru
   164 | D:1      | Reached skill level 3 in Axes
   164 | D:1      | Discovered your monstrous ancestry.
   164 | D:1      | Gained mutation: You have a small tail. [demonic ancestry]
   164 | D:1      | Reached XP level 2. HP: 22/22 MP: 2/2
   604 | D:2      | Gained mutation: You have large cloven feet. [demonic
                  | ancestry]
   604 | D:2      | Reached XP level 3. HP: 7/28 MP: 3/3
  1394 | D:2      | Found an ancient bone altar of Kikubaaqudgha.
  1580 | D:3      | Noticed Natasha
  1591 | D:3      | Killed Natasha
  1592 | D:3      | Reached skill level 4 in Axes
  1592 | D:3      | Reached XP level 4. HP: 9/35 MP: 4/4
  1838 | D:3      | Noticed Robin
  2268 | D:3      | Killed Robin
  2626 | D:3      | Reached ** piety under Okawaru
  2676 | D:3      | Noticed Natasha
  2686 | D:3      | Killed Natasha
  2687 | D:3      | Gained mutation: You are partially covered in sharp spines.
                  | [demonic ancestry]
  2687 | D:3      | Reached XP level 5. HP: 26/41 MP: 5/5
  2887 | D:3      | Found a blossoming altar of Fedhas.
  2887 | D:3      | Found an ancient bone altar of Kikubaaqudgha.
  2907 | D:3      | Reached skill level 5 in Axes
  3157 | D:3      | Found a radiant altar of Vehumet.
  3162 | D:3      | Found a burning altar of Makhleb.
  3164 | D:3      | Found an ornate altar of the Wu Jian Council.
  3165 | D:3      | Found a hazy altar of Hepliaklqana.
  3169 | D:3      | Found a basalt altar of Yredelemnul.
  3171 | D:3      | Found a shimmering blue altar of Sif Muna.
  3250 | D:3      | Noticed Natasha
  3258 | D:3      | Killed Natasha
  3343 | D:4      | Gained mutation: Your touch may inflict minor irresistible
                  | damage on your foes. [demonic ancestry]
  3343 | D:4      | Reached XP level 6. HP: 42/48 MP: 6/6
  3407 | D:4      | Reached skill level 1 in Invocations
  3601 | D:4      | Reached skill level 1 in Armour
  3775 | D:4      | Gained mutation: You have hoof-like feet. [demonic
                  | ancestry]
  3775 | D:4      | Reached XP level 7. HP: 53/54 MP: 8/8
  4080 | D:4      | Found a hide-covered altar of Uskayaw.
  4352 | D:5      | Entered Level 5 of the Dungeon
  4554 | D:5      | Found a transporter.
  4564 | D:5      | Noticed Mandevil's ghost (weakling DgDe)
  4712 | D:5      | Reached skill level 6 in Axes
  4871 | D:5      | Found a transporter.
  4911 | D:5      | Found a staircase to the Ecumenical Temple.
  5494 | D:6      | Reached *** piety under Okawaru
  5587 | D:6      | Reached skill level 1 in Evocations
  5587 | D:6      | Reached XP level 8. HP: 43/61 MP: 10/10
  6184 | D:6      | Found a runed translucent door.
  6185 | D:6      | Noticed Crazy Yiuf
  6194 | D:6      | Killed Crazy Yiuf
  6195 | D:6      | Reached skill level 5 in Fighting
  6543 | D:6      | Got the Catalogue of Unholy Translocation
  6768 | D:7      | Reached skill level 7 in Axes
  6840 | D:7      | Reached **** piety under Okawaru
  7663 | D:7      | Noticed a troll
  7671 | D:7      | Killed a troll
  7672 | D:7      | Reached skill level 5 in Invocations
  7672 | D:7      | Gained mutation: You have a tail ending in a sharp stinger.
                  | [demonic ancestry]
  7672 | D:7      | Reached XP level 9. HP: 65/68 MP: 9/12
  7757 | D:7      | Found Wuykiuhipt's Weapon Emporium.
  8041 | D:7      | Reached ***** piety under Okawaru
  8493 | D:8      | Reached skill level 8 in Axes
  8493 | D:8      | Reached skill level 5 in Dodging
  8502 | D:8      | Received a gift from Okawaru
  8787 | D:8      | Found Bepuax's General Store.
  8795 | D:8      | Bought a +4 ring of evasion for 504 gold pieces
  8804 | D:8      | Noticed a manticore
  8814 | D:8      | Killed a manticore
  8815 | D:8      | Gained mutation: Your touch may inflict irresistible damage
                  | on your foes. [demonic ancestry]
  8815 | D:8      | Reached XP level 10. HP: 30/77 MP: 11/14
  9938 | D:8      | Killed from afar by an acid dragon

Illustrated notes

Levels and vault maps discovered:
D:1:      tarquinn_simple_flora_water_e, layout_rooms,
          hellmonk_ecumenical_altar_crossroads, grunt_decor_junction,
          hangedman_glass_teeth
D:2:      layout_basic, basic_altar
D:3:      layout_basic, nicolae_overflow_hallway_of_the_gods, uniq_robin,
          uniq_natasha
D:4:      layout_gridville, kennysheep_mini, nicolae_elevator_lobby_plus
D:5:      layout_cave_pods, minmay_temple_entry_mist, gammafunk_ghost_hive,
          grunt_decor_resistance
D:6:      layout_basic, chequers_serial_rivers_large_b, grunt_ministairs_6,
          uniq_crazy_yiuf_cottage
D:7:      layout_basic, serial_shops, nicolae_shop_bloodbath_and_beyond,
          serial_bayou_lagoon_b
D:8:      layout_rooms, erik_lair_dragon, serial_shops, shop,
          minmay_mini_ossuary

Skill      XL: |  1  2  3  4  5  6  7  8  9 |
---------------+----------------------------+-----
Axes           | 3 4 5 6 7 8 |  8.7
Fighting       | 3 4 5 6 |  6.6
Invocations    | 2 3 5 6 |  6.9
Armour         | 1 2 3 4 |  4.6
Dodging        | 3 4 5 |  5.5
Evocations     | 1 2 4 |  4.5
Throwing       | |  1.7

Action                   |  1- 3 |  4- 6 |  7- 9 | 10-12 || total
-------------------------+-------+-------+-------+-------++-------
Melee: War axe           |    94 |    89 |   188 |    29 ||   400
       Tailslap          |     9 |    10 |    29 |     7 ||    55
       Kick              |     8 |    26 |    60 |    24 ||   118
       Punch             |       |     1 |     2 |       ||     3
       Touch             |       |     5 |    35 |     3 ||    43
       Battleaxe         |       |       |       |    21 ||    21
Throw: Throwing net      |     1 |       |       |       ||     1
Invok: Heroism           |       |       |     5 |     5 ||    10
Evoke: Wand              |       |       |     9 |       ||     9
  Use: Scroll            |       |       |     6 |       ||     6
       Potion            |       |       |       |     1 ||     1
 Stab: Held in net/web   |     1 |       |       |       ||     1
Armor: Scale mail        |    46 |    42 |    73 |    15 ||   176
Dodge: Dodged            |    54 |    60 |   104 |    63 ||   281
